 Dungeon Sprint DCSS version 0.30-a0-883-g5ad918d77d (webtiles) character file.

Game seed: 11847711015357834214

46 rocky1 the Ruffian (level 3, -3/39 HPs)
             Began as a Troll Monk on Mar 16, 2023.
             Slain by a wolf (7 damage)
             ... in the Dungeon (Sprint III: "The Ten Rune Challenge").
             The game lasted 00:00:43 (213 turns).

rocky1 the Ruffian (Troll Monk)                      Turns: 213, Time: 00:00:43

Health: -3/39      AC:  4    Str: 21    XL:     3   Next: 46%
Magic:  2/2        EV: 10    Int:  6    God:
Gold:   0          SH:  0    Dex: 12    Spells: 2/2 levels left

rFire   . . .      SeeInvis .      - Unarmed
rCold   . . .      Faith    .    (no shield)
rNeg    . . .      Spirit   .    a - +0 robe
rPois   .          Reflect  .    (helmet restricted)
rElec   .          Rampage  .    (no cloak)
rCorr   .          NoTele   +    (gloves unavailable)
Will    .....                    (boots unavailable)
Stlth   ++                       (no amulet)
HPRegen 1.06/turn                (no ring)
MPRegen 0.08/turn                (no ring)

@: no status effects
A: large, unfitting armour, claws 3, regeneration 1, shaggy fur 1, tough skin 1
a: no special abilities


You were in the Dungeon.
You visited 1 branch

Inventory:

Armour
 a - a +0 robe (worn)
Scrolls
 h - a scroll of blinking
Potions
 b - a potion of ambrosia
 c - a potion of curing
 d - a potion of heal wounds
 e - a potion of haste
 f - 2 potions of magic
 g - a potion of berserk rage


   Skills:
 + Level 3.7 Fighting
 + Level 3.7 Dodging
 - Level 1.0 Stealth
 * Level 5.7 Unarmed Combat


You had 2 spell levels left.
You didn't know any spells.
Your spell library contained the following spells:

 Spells                   Type           Power      Damage    Failure   Level
 Searing Ray              Conj           0%         2d4       58%         2
 Orb of Destruction       Conj           0%         9d5       100%        7
 Spellforged Servitor     Conj/Summ      0%         N/A       100%        7


Dungeon Overview and Level Annotations

Branches:
Dungeon (1/1)

Altars:


Innate Abilities, Weirdness & Mutations

You are too large for most types of armour.
You have claws for hands.
Your natural rate of healing is unusually fast.
You are covered in fur. (AC +1)
You have tough skin. (AC +1)


Message History

You kill the human!
You see here a human corpse.
You start resting.
HP restored.
You scratch the wolf.
The wolf is moderately wounded.
The wolf closely misses you. The wolf completely misses you.
You closely miss the wolf.
The wolf is moderately wounded.
The wolf closely misses you.
You barely miss the wolf.
The wolf is moderately wounded.
The wolf bites you. The wolf closely misses you.
You scratch the wolf.
The wolf is heavily wounded.
The wolf closely misses you.
You closely miss the wolf.
The wolf is heavily wounded.
The wolf completely misses you. The wolf bites you!
You closely miss the wolf. Your claw misses the wolf.
The wolf is heavily wounded.
The wolf bites you!
You closely miss the wolf.
The wolf is heavily wounded.
The wolf barely misses you. The wolf bites you.
You miss the wolf.
The wolf is heavily wounded.
The wolf bites you but does no damage.
You closely miss the wolf.
The wolf is heavily wounded.
The wolf barely misses you. The wolf bites you!
* * * LOW HITPOINT WARNING * * *
You closely miss the wolf.
The wolf is heavily wounded.
The wolf bites you!
* * * LOW HITPOINT WARNING * * *
You closely miss the wolf.
The wolf is heavily wounded.
The wolf bites you!
You die...

▓...#......##
▓..##.......# ..#
▓##.##.##...# ..#
##.##.###..# #..#
▓#.####.##..# ...+
▓.###..##..## #...#
▓#.....##).###....#
###†.##...##.....#
#..##....#.@h...#
#..###..##†#.....#
#(. #.. ####....#
▓▓▓ ▓▓▓ ▓▓▓▓▓


You could see a wolf.

Vanquished Creatures
  Jessica (D)
  A human (D)
  An endoplasm (D)
  2 rats (D)
5 creatures vanquished.

Notes
Turn   | Place    | Note
-------+----------+-------------------------------------------
     0 | D        | rocky1 the Troll Monk began the quest for the Orb.
     0 | D        | Reached XP level 1. HP: 22/22 MP: 0/0
    24 | D        | Got the Textbook on the Volley
    32 | D        | Noticed Jessica
    36 | D        | Killed Jessica
    37 | D        | Reached skill level 5 in Unarmed Combat
    37 | D        | Reached XP level 2. HP: 27/31 MP: 1/1
    37 | D        | Reached XP level 3. HP: 32/37 MP: 2/2
   213 | D        | Slain by a wolf

Illustrated notes

Levels and vault maps discovered:
D:        dungeon_sprint_mu [sprint_mu_entry_cave, sprint_mu_temple_rooms,
          sprint_mu_d1_horrors, sprint_mu_d2_genie, sprint_mu_d3_branching,
          sprint_mu_orc_legion, sprint_mu_elf_gauntlet, sprint_mu_hive_nellie,
          sprint_mu_lair_fedhas, sprint_mu_vaults_butterflies,
          sprint_mu_slime_circle, sprint_mu_swamp_cave, sprint_mu_shoals_kraken,
          sprint_mu_blade_basic, sprint_mu_crypt_lich, sprint_mu_tomb_spiral,
          sprint_mu_vestibule_basic, sprint_mu_gehenna_hellfire,
          sprint_mu_dis_giant, sprint_mu_tartarus_statrot,
          sprint_mu_cocytus_islands, sprint_mu_zot1]

Skill      XL: |  1 |
---------------+----+-----
Fighting       | 3 |  3.7
Dodging        | 3 |  3.7
Unarmed Combat | 5 |  5.7
Stealth        | |  1.0

Action                     || total
---------------------------++-------
  Melee: Unarmed           ||    41
   Stab: Sleeping          ||     1
 Armour: Robe              ||     7
  Dodge: Dodged            ||    16

Table legend: (Time is in decaauts)
 A = Elapsed time spent in this place.
 B = Non-inter-level travel time spent in this place.
 C = Inter-level travel time spent in this place.
 D = Time resting spent in this place.
 E = Time spent auto-exploring this place.
 F = Levels seen in this place.
 G = Mean time per level.
                   A        B        C        D        E       F      G
               +--------+--------+--------+--------+--------+-----+--------+
         Total |    209 |    209 |      0 |    132 |      0 |   1 |  209.0 |
       Dungeon |    209 |    209 |      0 |    132 |      0 |   1 |  209.0 |
               +--------+--------+--------+--------+--------+-----+--------+

Top non-repeatable levels by time:
       D: 209 daAuts
